 Dungeon Crawl Stone Soup version 0.30.0 (webtiles) character file.

Game seed: 6439726073553894751

1581 jimonade the Trooper (level 8, 0/87 HPs)
             Began as an Ogre Monk on May 7, 2023.
             Was a Believer of Wu Jian.
             Slain by a killer bee (6 damage)
             ... on level 7 of the Dungeon.
             The game lasted 00:10:46 (4744 turns).

jimonade the Trooper (Ogre Monk)                    Turns: 4744, Time: 00:10:47

Health: 0/87       AC:  5    Str: 18    XL:     8   Next: 91%
Magic:  8/8        EV: 11    Int: 11    God:    Wu Jian [**....]
Gold:   329        SH:  0    Dex: 11    Spells: 7/7 levels left

rFire   + . .        w - +2 morningstar (protect)
rCold   + . .        d - orb {light}
rNeg    . . .        o - +1 robe {rC+}
rPois   .            (helmet restricted)
rElec   .            H - +0 cloak
rCorr   .            (gloves unavailable)
SInv    .            (boots unavailable)
Will    .....        q - amulet of regeneration
Stlth   +            D - ring of protection from fire
HPRegen 1.14/turn    (no ring)
MPRegen 0.11/turn

%: no passive effects
@: lethally poisoned (0 -> -2), glowing
A: large, unfitting armour, tough skin 1
a: Renounce Religion, Wall Jump


You were on level 7 of the Dungeon.
You worshipped Wu Jian.
Wu Jian was pleased with you.
You visited 2 branches of the dungeon, and saw 8 of its levels.

You collected 329 gold pieces.

Inventory:

Hand Weapons
 w - a +2 morningstar of protection (weapon)
 E - a +4 whip
 G - a +0 giant club
 I - a +4 shortbow
Missiles
 m - 14 poisoned darts (quivered)
 n - 6 javelins
 p - 13 stones
Armour
 b - a +0 robe
 d - an orb of light (worn)
 o - a +1 robe of cold resistance (worn)
 H - a +0 cloak (worn)
Jewellery
 a - an amulet of reflection
 q - an amulet of regeneration (around neck)
 D - a ring of protection from fire (left hand)
Wands
 y - a wand of flame (18)
Scrolls
 e - a scroll of amnesia {unknown}
 f - 2 scrolls of blinking
 g - 5 scrolls of teleportation
 i - 3 scrolls of enchant armour
 l - 3 scrolls of noise
 r - a scroll of fog {unknown}
 s - a scroll of identify
 t - a scroll of immolation {unknown}
 x - a scroll of magic mapping
 C - a scroll of brand weapon {unknown}
 F - a scroll of fear {unknown}
Potions
 c - 2 potions of ambrosia
 h - 4 potions of flight {unknown}
 j - 2 potions of heal wounds {unknown}
 k - a potion of attraction {unknown}
 u - 3 potions of curing {unknown}
 v - 2 potions of brilliance {unknown}
 z - 2 potions of magic {unknown}
 A - a potion of might {unknown}
 B - a potion of lignification {unknown}


   Skills:
 + Level 7.4 Fighting
 - Level 4.0 Long Blades
 + Level 6.9 Maces & Flails
 + Level 0.6 Throwing
 + Level 4.9 Dodging
 + Level 1.3 Stealth


You had 7 spell levels left.
You didn't know any spells.
Your spell library contained the following spells:

 Spells                   Type           Power      Damage    Failure   Level
 Beastly Appendage        Tmut           0%         N/A       34%         1
 Sublimation of Blood     Necr           0%         N/A       47%         2
 Wereblood                Tmut           0%         N/A       47%         2
 Spider Form              Tmut/Pois      0%         N/A       71%         3
 Petrify                  Tmut/Erth      0%         N/A       98%         4
 Irradiate                Conj/Tmut      0%         3d11      100%        5


Dungeon Overview and Level Annotations

Branches:
Dungeon (7/15)             Temple (1/1) D:5

Altars:
Ashenzari
Dithmenos
Elyvilon
Gozag
Hepliaklqana
Kikubaaqudgha
Makhleb
Nemelex Xobeh
Okawaru
Qazlal
Ru
Sif Muna
Uskayaw
Vehumet
Wu Jian
Xom
Zin
The Shining One

Shops:
D:4 *   D:6 *   D:7 *?

Annotations:
D:4 2 transporters, bjtr's ghost, novice GrEE


Innate Abilities, Weirdness & Mutations

You are too large for most types of armour.
You have tough skin. (AC +1)


Message History

The killer bee stings you but does no damage. x2
The killer bee barely misses you.
You barely miss the killer bee.
You feel very sick.
The killer bee stings you but does no damage. x5
The killer bee closely misses you.
You puncture the killer bee!
The killer bee is heavily wounded.
You feel very sick. The killer bee closely misses you.
The killer bee stings you.
You are more poisoned.
The killer bee poisons you! The killer bee misses you.
The killer bee stings you but does no damage. x2
The killer bee misses you. The killer bee stings you. x2
The killer bee barely misses you.
You closely miss the killer bee.
You feel very sick.
The killer bee stings you but does no damage. x2
The killer bee barely misses you. The killer bee stings you.
The killer bee stings you but does no damage. x2
You closely miss the killer bee.
You feel very sick.
The killer bee stings you but does no damage. x2
The killer bee barely misses you. x2
The killer bee stings you but does no damage.
The killer bee stings you.
* * * LOW HITPOINT WARNING * * *
You barely miss the killer bee.
You feel very sick. The killer bee barely misses you. x3
The killer bee stings you but does no damage.
The killer bee closely misses you. The killer bee stings you.
* * * LOW HITPOINT WARNING * * *
Okay, then.
You miss the killer bee.
You feel sick. The killer bee barely misses you.
The killer bee stings you but does no damage.
The killer bee stings you.
* * * LOW HITPOINT WARNING * * *
The killer bee stings you.
You die...

*****##* *,*,**,**, *,,,,..*
*,**,*,,,, #,***#.* *,***,,,**
**#.##*#>########,********
*,$...##......y..,,,,,,,,,
********,......$....y(..,*******,
,,,,*,,,,........#*****,,* *,
***,*,**,....#.#y# *,,* *,
*,,,,,,,.,,,#.#@# *,,* *,
*,,,,,,,****#.yy# *,,* **
**>,,,,,,* ###'#######,,********
,,,,,,,,,***#8≈.≈......,,,,,,,,,*
**,,,,,,,,,,#≈≈.≈≈#####,,******,*
**,,,,,,,**,+..∩..+,,,,,,* *,*
**,,,,,,,***#≈≈.≈≈##...*,* *,*
***,*,**** ##≈.≈8.......* *,*
,,,,*,* ##'##.......* *,*


You could see 3 killer bees.

Vanquished Creatures
  A water moccasin (D:5)
  A sky beast (D:7)
  2 centaurs
  A black bear (D:6)
  An ogre (D:5)
  A bullfrog (D:6)
  2 scorpions
  3 wights (D:6)
  2 killer bees (D:7)
  A jelly (D:5)
  3 hounds
  2 orc priests (D:5)
  2 gnoll boudas
  A sleepcap (D:5)
  Jessica (D:3)
  An iguana (D:6)
  Terence (D:3)
  11 adders
  10 gnolls
  2 shadow imps
  An ufetubus (D:5)
  A dart slug (D:5)
  7 orcs
  An endoplasm (D:3)
  7 giant cockroaches
  4 goblins
  9 hobgoblins
  5 jackals
  A quokka (D:1)
  3 ball pythons
  2 bats
  3 frilled lizards
  5 kobolds
  6 rats
104 creatures vanquished.

Vanquished Creatures (others)
  A fungus (D:1)
1 creature vanquished.

Grand Total: 105 creatures vanquished

Notes
Turn   | Place    | Note
-------+----------+-------------------------------------------
     0 | D:1      | jimonade the Ogre Monk began the quest for the Orb.
     0 | D:1      | Reached XP level 1. HP: 24/24 MP: 1/1
   130 | D:1      | Found a faded altar of an unknown god.
   245 | D:1      | Reached XP level 2. HP: 31/32 MP: 2/2
   777 | D:2      | Found a broken altar of Ashenzari.
   922 | D:2      | Reached XP level 3. HP: 37/40 MP: 3/3
  1294 | D:2      | Reached XP level 4. HP: 40/49 MP: 4/4
  1890 | D:3      | Noticed Terence
  1906 | D:3      | Killed Terence
  1931 | D:3      | Noticed Jessica
  1942 | D:3      | Killed Jessica
  1943 | D:3      | Reached XP level 5. HP: 50/55 MP: 5/5
  2309 | D:4      | Reached skill level 5 in Fighting
  2309 | D:4      | Reached skill level 1 in Maces & Flails
  2380 | D:4      | Noticed a phantom
  2390 | D:4      | Found Esojuir's Lightly-Used Armoury.
  2536 | D:4      | Found a transporter.
  2538 | D:4      | Noticed bjtr's ghost (novice GrEE)
  2548 | D:4      | Reached XP level 6. HP: 52/66 MP: 6/6
  2566 | D:4      | Found a transporter.
  2612 | D:4      | Found a hazy altar of Hepliaklqana.
  2613 | D:4      | Found a shimmering altar of Xom.
  2614 | D:4      | Noticed a spectral ugly thing
  3026 | D:5      | Entered Level 5 of the Dungeon
  3119 | D:5      | Found a staircase to the Ecumenical Temple.
  3126 | Temple   | Entered the Ecumenical Temple
  3135 | Temple   | Became a worshipper of the Wu Jian Council
  3135 | Temple   | Reached * piety under Wu Jian
  3135 | Temple   | Reached ** piety under Wu Jian
  3176 | D:5      | Reached XP level 7. HP: 74/74 MP: 7/7
  3194 | D:5      | Reached skill level 6 in Fighting
  3421 | D:5      | Found a shimmering blue altar of Sif Muna.
  3922 | D:5      | Reached skill level 5 in Maces & Flails
  3922 | D:5      | Reached skill level 1 in Stealth
  3922 | D:5      | Reached XP level 8. HP: 43/84 MP: 8/8
  4434 | D:6      | Reached skill level 7 in Fighting
  4544 | D:6      | Found Osoiph's General Store.
  4684 | D:7      | Found Voplaf's Magic Scroll Shoppe.
  4710 | D:7      | Found Waghotem's General Store.
  4744 | D:7      | Slain by a killer bee

Illustrated notes

Levels and vault maps discovered:
D:1:      amcnicky_arrival_feature_with_door, layout_loops_ring,
          shapermc_ecumenical_altar_mp_ritualfount
D:2:      layout_basic, basic_altar
D:3:      layout_rooms, solitary_fountain, uniq_terence, uniq_jessica
D:4:      layout_loops_ring, regret_index_temple_of_mockery,
          gammafunk_ghost_mausoleum, minmay_shop_damaged
D:5:      layout_basic, kennysheep_mini_moat, minmay_temple_entry_wispy
D:6:      layout_rooms, serial_shops, shop, skrybe_limestone_x
D:7:      layout_loops_ring, enter_ossuary_2, serial_shops,
          nicolae_shop_hallway_plus, nicolae_shop_just_a_little_nook,
          grunt_ministairs_13
Temple:   nicolae_temple_no_exploring_needed

Skill      XL: |  1  2  3  4  5  6  7  8 |
---------------+-------------------------+-----
Long Blades    | 3 4 |  4.0
Dodging        | 3 4 |  4.9
Fighting       | 5 6 7 |  7.4
Maces & Flails | 2 3 5 6 |  6.9
Stealth        | 1 |  1.3
Throwing       | |  0.6

Action                     |  1- 3 |  4- 6 |  7- 9 || total
---------------------------+-------+-------+-------++-------
  Melee: Falchion          |    87 |    29 |       ||   116
         Morningstar       |       |    75 |   131 ||   206
  Throw: Dart              |       |     5 |       ||     5
Ability: Lunge             |       |     1 |     8 ||     9
         Whirlwind         |       |       |    37 ||    37
    Use: Scroll            |       |       |     6 ||     6
 Armour: Robe              |    16 |    52 |    76 ||   144
  Dodge: Dodged            |    50 |    75 |    94 ||   219
